 Dungeon Crawl Stone Soup version 0.30-a0-867-g305f33218d (webtiles) character file.

Game seed: 8520365739347162508

13627 Firecrotchwizard the Fighter (level 12, -7/96 HPs)
             Began as a Djinni Fire Elementalist on Mar 11, 2023.
             Was an Elder of Makhleb.
             Mangled by a lindwurm (12 damage)
             ... summoned by Kirke
             ... on level 10 of the Dungeon.
             The game lasted 00:37:49 (15085 turns).

Firecrotchwizard the Fighter (DjFE)                Turns: 15085, Time: 00:37:50

Health: -7/96      AC:  0    Str:  7    XL:     12   Next: 35%
Gold:   548        EV: 14    Int: 21    God:    Makhleb [****..] SH:  0 Dex: 15

rFire   . . .      SeeInvis .    E - melded +11 flail of Internal Strife {heavy, Int+4 Dex+3}
rCold   . . .      Faith    .    (shield currently unavailable)
rNeg    . . .      Spirit   .    a - melded +1 robe
rPois   ∞          Reflect  .    f - melded +2 helmet
rElec   .          Rampage  .    (cloak currently unavailable)
rCorr   .                        (gloves currently unavailable)
Will    +....                    (boots unavailable)
Stlth   ++                       (no amulet)
HPRegen 0.36/turn                Z - melded ring of wizardry {Wiz+, !d}
MPRegen 0.00/turn                g - melded +6 ring of strength

@: pig-form, flying, studying 2 skills, very quick
A: fast, flying, no casting, sickness immunity, small, (fire resistance 2),
(cold vulnerability 1), float, innate caster, HP casting, extra vitality 1
a: Renounce Religion, Minor Destruction, Lesser Servant of Makhleb, Major
Destruction


You were on level 10 of the Dungeon.
You worshipped Makhleb.
Makhleb was greatly pleased with you.
You were a filthy swine.
You visited 2 branches of the dungeon, and saw 13 of its levels.

You collected 644 gold pieces.
You spent 96 gold pieces at shops.

Inventory:

Hand Weapons
 o - a +2 dagger of venom
   (You took it off a goblin on level 2 of the Dungeon)
 u - a +6 dagger of freezing
   (You took it off Robin on level 2 of the Dungeon)
 E - the +11 flail of Internal Strife (melded) {heavy, Int+4 Dex+3}
   (You found it on level 6 of the Dungeon)

   Int:       It affects your intelligence (+4).
   Dex:       It affects your dexterity (+3).
Missiles
 h - 5 javelins
 i - 11 boomerangs
 m - 9 poisoned darts
 r - 2 silver javelins
 s - 89 stones (quivered)
Armour
 a - a +1 robe (melded)
 f - a +2 helmet (melded)
   (You found it on level 1 of the Dungeon)
Magical Staves
 n - a staff of earth
   (You found it on level 6 of the Dungeon)
Jewellery
 g - a +6 ring of strength (melded)
   (You found it on level 5 of the Dungeon)
 C - a ring of resist corrosion
   (You found it on level 6 of the Dungeon)
 F - a ring of protection from fire {rF+, !d}
   (You found it on level 10 of the Dungeon)
 Z - a ring of wizardry (melded) {Wiz+, !d}
   (You found it on level 7 of the Dungeon)
Wands
 k - a wand of roots (7)
   (You found it on level 10 of the Dungeon)
 p - a wand of paralysis (18)
   (You took it off a kobold on level 3 of the Dungeon)
 q - a wand of flame (80)
   (You took it off Terence on level 2 of the Dungeon)
 y - a wand of mindburst (8)
   (You found it on level 6 of the Dungeon)
Scrolls
 b - 2 scrolls of butterflies
 j - 3 scrolls of fog
 D - 4 scrolls of blinking {!r}
 V - a scroll of vulnerability {!r!r}
 X - 2 scrolls of magic mapping {@r4!r}
 Y - a scroll of teleportation {@r3}
Potions
 c - a potion of attraction {unknown}
 d - a potion of cancellation {unknown}
 e - a potion of resistance {unknown}
 l - 2 potions of magic
 B - 4 potions of brilliance
 G - 2 potions of ambrosia {!q}
 H - 7 potions of haste
 I - a potion of invisibility
 J - 9 potions of curing {@q1}
 M - 2 potions of might
 T - 2 potions of berserk rage {!q}
 U - 2 potions of mutation {!q}
Miscellaneous
 z - a box of beasts
   (You found it on level 9 of the Dungeon)


   Skills:
 + Level 12.3 Fighting
 - Level 2.1 Dodging
 - Level 1.5 Stealth
 + Level 9.5 Spellcasting
 + Level 9.7 Invocations


You knew the following spells:

 Your Spells              Type           Power      Damage    Failure   Level
a - Foxfire               Conj/Fire      100%       2x1d9     1%          1
b - Scorch                Fire           98%        2d10      1%          2
c - Kindle Blastsparks    Fire/Tloc/Air  98%        2d18      1%          3
d - Inner Flame           Hex/Fire       49%        N/A       1%          3
e - Flame Wave            Conj/Fire      49%        2d12      1%          4
f - Magic Dart            Conj           100%       1d8       1%          1
g - Portal Projectile     Hex/Tloc       98%        N/A       1%          3
h - Leda's Liquefaction   Hex/Erth       24%        N/A       1%          4
w - Passwall              Tmut/Erth      40%        N/A       1%          2
A - Animate Dead          Necr           49%        N/A       1%          4
Your spell library was empty.

Dungeon Overview and Level Annotations

Branches:
Dungeon (12/15)            Temple (1/1) D:4            Lair (0/5) D:9
    Orc (0/2) D:10

Altars:
Ashenzari
Elyvilon
Fedhas
Gozag
Makhleb
Okawaru
Qazlal
Ru
Uskayaw
Wu Jian
Yredelemnul
Zin
The Shining One

Shops:
D:3 *   D:5 :

Portals:
Trove: D:11 (give +6 ice dragon scales)

Annotations:
D:3 3 runed translucent doors, SpyderV's ghost, weakling MiCK
D:7 exclusion: jelly
D:8 exclusion: 3 lemures
D:9 Psyche
D:10 Kirke
D:11 exclusion: guardian mummy
D:12 Fannar


Innate Abilities, Weirdness & Mutations

You are a filthy swine.
You move quickly.
You are flying.
Your equipment is almost entirely melded.
You are incapable of wielding weapons or throwing items.
You cannot cast spells.
You are immune to sickness and miasma.
You are immune to poison.
((Your flesh is very heat resistant. (rF++)))
((You are vulnerable to cold. (rC-)))
You float through the air rather than walking.
You learn spells naturally, not from books.
Your magical power is your life essence.
You have superior vitality. (+4 MHP)


Message History

You struggle to resist.
Kirke gestures at you while chanting.
You feel a momentary urge to oink.
You fly upwards.
There is a stone staircase leading down here.
You start resting.
Your transformation is almost over.
You feel less porcine.
The +11 flail of Internal Strife {heavy, Int+4 Dex+3} unmelds from your body.
Your +2 helmet unmelds from your body.
Your +1 robe unmelds from your body.
Your ring of wizardry {Wiz+, !d} unmelds from your body.
Your +6 ring of strength unmelds from your body.
You feel stronger.
You regained 11 hp, and now have 16/96 hp.
You start resting.
Health restored: 96
There is a stone staircase leading up here.
An orc zombie comes into view.
The orc zombie moves out of view.
You can't see any susceptible monsters within range! (Use Z to cast anyway.)
You conjure some foxfire!
You take 1 damage, and have 95/96 hp.
Flames lash the orc zombie.
You destroy the orc zombie!
Makhleb accepts your kill.
You feel better.
You take 1 damage, and have 94/96 hp.
You see here a +0 club.
Health restored: 96
There is a stone staircase leading up here.
There is a stone staircase leading down here.
You fly downwards.
Level annotation: exclusion: guardian mummy, Kirke
There is a stone staircase leading up here.
You fly upwards.
There is a stone staircase leading down here.
There is a stone staircase leading up here.
There is a stone staircase leading down here.
You fly downwards.
Level annotation: exclusion: guardian mummy, Kirke
There is a stone staircase leading up here.
Kirke shouts, "You pig!
I'll make you look the way you deserve."
You fly upwards.
There is a stone staircase leading down here.
You don't know that spell.
You fly downwards.
Level annotation: exclusion: guardian mummy, Kirke Kirke hits you!
The hog squeals angrily.
There is a stone staircase leading up here.
You take 10 damage, and have 86/96 hp.
Kirke barely misses you.
You fly upwards.
There is a stone staircase leading down here.
Flames lash Kirke.
Kirke's fire resistance burns away.
Kirke closely misses you.
You take 2 damage, and have 85/96 hp.
Flames lash Kirke.
Kirke is burned terribly!
Kirke hits you but does no damage.
You take 1 damage, and have 84/96 hp.
Flames lash Kirke.
Kirke is burned terribly!
Kirke hits you!
You take 14 damage, and have 70/96 hp.
Flames lash Kirke.
Kirke is burned terribly!
Kirke hits you but does no damage.
You take 1 damage, and have 69/96 hp.
Flames lash Kirke.
Kirke is burned terribly!
Kirke misses you.
You take 2 damage, and have 67/96 hp.
Flames lash Kirke.
Kirke is burned terribly!
Kirke gestures at you while chanting.
You turn into a filthy swine.
The +11 flail of Internal Strife {heavy, Int+4 Dex+3} melds into your body.
Your +2 helmet melds into your body.
Your +1 robe melds into your body.
Your ring of wizardry {Wiz+, !d} melds into your body.
Your +6 ring of strength melds into your body.
You feel weaker.
You take 2 damage, and have 65/96 hp.
You hit Kirke. Kirke hits you!!
You take 17 damage, and have 48/96 hp.
You hit Kirke. Kirke hits you.
You take 4 damage, and have 44/96 hp.
You closely miss Kirke. You hit Kirke. Kirke casts a spell at you.
You struggle to resist.
You hit Kirke.
Kirke mumbles some strange words.
Kirke summons a lindwurm!
You hit Kirke. Kirke hits you!
You take 9 damage, and have 36/96 hp.
You hit Kirke. The lindwurm breathes flames at you.
The blast of flame hits you!!
* * * LOW HITPOINT WARNING * * *
Kirke hits you.
* * * LOW HITPOINT WARNING * * *
You take 31 damage, and have 5/96 hp.
MASSIVE DAMAGE!!
You hit Kirke. You barely miss Kirke. Kirke hits you.
* * * LOW HITPOINT WARNING * * *
The lindwurm bites you!
You die...

#.#8.........8#............#
#.##.........##............#
#.###8.....8##.#####........
#.####.....##..# #.......#
#...###8.8##...# #.......#
###...##'##...<# #.......#
###..........# #.......#
#.....k@...#####.......#
#......h.........#####.#
#..........#####.# #.#
#..........# #.# #.)
##########.# #.# #.# #.# #.#
#.# #.# #.# #.# #.# #.# #.#
#.# #.# #.# #.# #.# #.#


You could see Kirke (combustible) and a lindwurm (summoned, catching breath).

Vanquished Creatures
  2 two-headed ogres
  Pikel (D:8)
  An ugly thing (D:11)
  A gargoyle (D:10)
  2 kobold demonologists
  A komodo dragon (D:10)
  2 trolls
  2 hornets
  3 shadows (D:10)
  2 wyverns
  2 steam dragons
  22 yaks
  3 hogs (D:12)
  A wraith (D:10)
  A two-headed ogre zombie (D:10)
  An acid dragon (D:10)
  A water moccasin (D:8)
  Duvessa (D:7)
  3 sky beasts
  A black bear (D:8)
  6 orc warriors
  3 ogres
  6 centaurs
  2 lemures (D:8)
  A kobold brigand (D:8)
  2 bullfrogs (D:7)
  3 scorpions
  Dowan (D:7)
  20 killer bees
  2 howler monkeys (D:10)
  A hound (D:5)
  3 jellies
  8 orc priests
  2 sleepcaps
  Terence (D:2)
  5 iguanas
  14 orc wizards
  6 ogre zombies (D:10)
  A mummy (D:4)
  Robin (D:2)
  11 adders
  A shadow imp (D:7)
  A white imp (D:7)
  3 worms
  8 dart slugs
  47 orcs
  5 bats
  8 endoplasms
  2 giant cockroaches
  15 goblins
  14 hobgoblins
  8 jackals
  6 quokkas
  7 ball pythons
  A frilled lizard (D:2)
  2 goblin skeletons (D:10)
  4 goblin zombies (D:10)
  A hobgoblin skeleton (D:10)
  6 hobgoblin zombies
  16 kobolds
  3 orc skeletons (D:10)
  9 orc zombies
  8 rats
327 creatures vanquished.

Vanquished Creatures (collateral kills)
  A wyvern (D:10)
  An ogre zombie (D:10)
  A hobgoblin zombie (D:10)
  An orc zombie (D:10)
4 creatures vanquished.

Vanquished Creatures (others)
  A centaur (D:12)
  723 foxfires
724 creatures vanquished.

Grand Total: 1055 creatures vanquished

Notes
Turn   | Place    | Note
-------+----------+-------------------------------------------
     0 | D:1      | Firecrotchwizard the Djinni Fire Elementalist began the
                  | quest for the Orb.
     0 | D:1      | Firecrotchwizard set off with the following spells
                  | memorised: Foxfire, Scorch, Kindle Blastsparks, Inner
                  | Flame, Flame Wave.
     0 | D:1      | Reached XP level 1. HP: 15/15 MP: 0/0
    54 | D:1      | Reached XP level 2. HP: 19/22 MP: 0/0
    55 | D:1      | Reached skill level 1 in Fighting
   240 | D:1      | Reached XP level 3. HP: 22/27 MP: 0/0
   240 | D:1      | Learned a level 1 spell: Magic Dart
  1182 | D:2      | Reached skill level 2 in Fighting
  1182 | D:2      | Reached skill level 3 in Spellcasting
  1182 | D:2      | Noticed Robin
  1355 | D:2      | Reached XP level 4. HP: 17/33 MP: 0/0
  1444 | D:2      | Killed Robin
  1665 | D:2      | Found a white marble altar of Elyvilon.
  1905 | D:2      | Noticed Terence
  1914 | D:2      | Killed Terence
  1915 | D:2      | Reached skill level 3 in Fighting
  1915 | D:2      | Reached XP level 5. HP: 24/40 MP: 0/0
  1915 | D:2      | Learned a level 2 spell: Passwall
  2305 | D:2      | Found a faded altar of an unknown god.
  2625 | D:3      | Found Vidoxtac's Assorted Antiques.
  2725 | D:3      | You are sucked into a shaft and drop 1 floor!
  2745 | D:4      | Reached XP level 6. HP: 46/46 MP: 0/0
  2773 | D:3      | Bought 2 scrolls labelled PAILUE GINKIXT for 48 gold pieces
  2773 | D:3      | Bought a scroll labelled IHI GAVVOGHIXU for 24 gold pieces
  2773 | D:3      | Bought a scroll labelled ILERYRR BEOKUO for 24 gold pieces
  2949 | D:3      | Found a runed translucent gate.
  2949 | D:3      | Found a runed translucent gate.
  2949 | D:3      | Found a runed translucent gate.
  2952 | D:3      | Noticed SpyderV's ghost (weakling MiCK)
  2954 | D:3      | Identified the +1 whip of Precise Incision {antimagic,
                  | Fragile rN+++ Int-4 SInv}
  3265 | D:4      | Identified a scroll of acquirement
  3265 | D:4      | Acquired a manual of Evocations
  3383 | D:4      | Identified the +3 quarterstaff of Hynyehas {freeze, rPois
                  | rF- Str+5 SInv}
  3445 | D:4      | Found a staircase to the Ecumenical Temple.
  3521 | D:4      | Reached skill level 4 in Fighting
  3521 | D:4      | Reached skill level 4 in Spellcasting
  3573 | Temple   | Entered the Ecumenical Temple
  3594 | Temple   | Became a worshipper of Makhleb the Destroyer
  4046 | D:4      | Reached XP level 7. HP: 23/53 MP: 0/0
  4046 | D:4      | Learned a level 3 spell: Portal Projectile
  4682 | D:5      | Entered Level 5 of the Dungeon
  4686 | D:5      | Reached skill level 5 in Fighting
  4732 | D:5      | Reached * piety under Makhleb
  4804 | D:5      | Found Aruckiu's Tremendous Tomes.
  5043 | D:5      | Reached skill level 5 in Spellcasting
  5043 | D:5      | Reached XP level 8. HP: 57/60 MP: 0/0
  5282 | D:5      | Found an ornate altar of the Wu Jian Council.
  5291 | D:5      | Found a hide-covered altar of Uskayaw.
  5563 | D:5      | Reached skill level 6 in Fighting
  5987 | D:6      | Found a broken altar of Ashenzari.
  6094 | D:6      | Identified the +11 flail of Internal Strife {heavy, Int+4
                  | Dex+3}
  6201 | D:6      | Reached ** piety under Makhleb
  6312 | D:6      | Reached skill level 1 in Invocations
  6572 | D:7      | Noticed Duvessa
  6572 | D:7      | Noticed Dowan
  6582 | D:7      | Killed Duvessa
  6589 | D:7      | Killed Dowan
  6590 | D:7      | Reached skill level 7 in Fighting
  6590 | D:7      | Reached skill level 6 in Spellcasting
  6747 | D:7      | Noticed a hornet
  6754 | D:7      | Reached skill level 2 in Invocations
  6754 | D:7      | Reached XP level 9. HP: 53/68 MP: 0/0
  6754 | D:7      | Learned a level 4 spell: Animate Dead
  6758 | D:7      | Killed a hornet
  6952 | D:7      | Reached skill level 3 in Invocations
  7224 | D:7      | Found a blossoming altar of Fedhas.
  7436 | D:7      | Noticed a troll
  7440 | D:7      | Killed a troll
  7441 | D:7      | Reached skill level 8 in Fighting
  7441 | D:7      | Reached skill level 4 in Invocations
  8325 | D:8      | Reached skill level 7 in Spellcasting
  8325 | D:8      | Reached skill level 5 in Invocations
  8325 | D:8      | Reached XP level 10. HP: 68/77 MP: 0/0
  9121 | D:8      | Noticed Pikel
  9135 | D:8      | HP: 17/77 [lemure[Pikel] (3)]
  9138 | D:8      | Killed Pikel
  9139 | D:8      | Reached skill level 9 in Fighting
  9139 | D:8      | Reached skill level 6 in Invocations
 10089 | D:9      | Noticed a kobold demonologist
 10103 | D:9      | Killed a kobold demonologist
 10192 | D:9      | Reached *** piety under Makhleb
 10192 | D:9      | HP: 19/78 [killer bee (4)]
 10380 | D:9      | Found a staircase to the Lair.
 10386 | D:9      | Noticed Psyche
 10497 | D:9      | HP: 14/79 [yak (13)]
 10499 | D:9      | Reached skill level 8 in Spellcasting
 10499 | D:9      | Reached skill level 7 in Invocations
 10499 | D:9      | Reached XP level 11. HP: 14/85 MP: 0/0
 10499 | D:9      | Learned a level 4 spell: Leda's Liquefaction
 10500 | D:9      | HP: 3/85 [yak (3)]
 10750 | D:9      | Reached skill level 10 in Fighting
 10753 | D:9      | Noticed a two-headed ogre
 10766 | D:9      | Killed a two-headed ogre
 11356 | D:10     | Entered Level 10 of the Dungeon
 11404 | D:10     | Found a staircase to the Orcish Mines.
 11446 | D:10     | Reached **** piety under Makhleb
 11459 | D:10     | Reached skill level 8 in Invocations
 12057 | D:10     | Reached skill level 11 in Fighting
 12063 | D:10     | HP: 17/87 [wyvern (8)]
 12063 | D:10     | HP: 6/87 [wyvern (11)]
 12308 | D:10     | Acquired a manual of Fighting
 12562 | D:10     | Reached skill level 9 in Spellcasting
 12898 | D:10     | Identified the +2 ring mail of Gaixzuxo {-Cast Fly Str+7}
 13190 | D:11     | Found a portal to a secret trove of treasure.
 13350 | D:11     | Reached skill level 9 in Invocations
 13350 | D:11     | Reached XP level 12. HP: 82/94 MP: 0/0
 13354 | D:11     | Noticed a two-headed ogre
 13366 | D:11     | Killed a two-headed ogre
 13546 | D:11     | Reached skill level 12 in Fighting
 14049 | D:12     | Noticed Kirke
 14049 | D:12     | Noticed Fannar
 14641 | D:12     | HP: 22/96 [Kirke (13)]
 14643 | D:11     | HP: 4/96 [Kirke (13)]
 15083 | D:10     | HP: 9/96 [lindwurm/blast of flame[Kirke] (27)]
 15085 | D:10     | Mangled by a lindwurm

Illustrated notes

Levels and vault maps discovered:
D:1:      dpeg_arrival_chambers_temple_mockup, layout_basic, st_stairs_12,
          serial_park_tiny_2
D:2:      layout_basic, basic_altar, hellmonk_ecumenical_altar_defaced_shrine,
          uniq_robin, uniq_terence
D:3:      kennysheep_slugbush, layout_loops_ring, serial_shops, shop,
          biasface_ghost_orc_armoury
D:4:      minmay_chambers_of_fours, layout_basic,
          minmay_temple_entry_mini_moons, nicolae_ossuary_entry_giza
D:5:      layout_cave_pods, mainiacjoe_overflow_swirl,
          nicolae_shop_i_like_big_books
D:6:      layout_basic, mainiacjoe_overflow_24_doors
D:7:      layout_loops_corners, lemuel_coloured_pillars_altar, uniq_duvessa
D:8:      layout_loops_ring, uniq_pikel
D:9:      layout_rooms, dpeg_oklobed_lair, uniq_psyche
D:10:     layout_small_grid, zombieorc2_lemuel, chequers_serial_rivers_small_b,
          dk_noncrumbling_4, hangedman_corner_corridor
D:11:     layout_loops_ring, nicolae_trove_entry_path_of_doom
D:12:     layout_rooms, grunt_tough_drop, uniq_kirke, uniq_fannar
Temple:   compressed_dpeg_circular_temple

Skill      XL: |  1  2  3  4  5  6  7  8  9 10 11 12 |
---------------+-------------------------------------+-----
Fighting       | 1 2 3 4 5 7 8 9 11 12 | 12.3
Spellcasting   | 3 4 5 6 7 8 9 |  9.5
Invocations    | 2 5 7 9 |  9.7
Dodging        | |  2.1
Stealth        | |  1.5

Action                     |  1- 3 |  4- 6 |  7- 9 | 10-12 || total
---------------------------+-------+-------+-------+-------++-------
  Melee: Dagger            |    29 |    13 |    20 |    21 ||    83
         Unarmed           |       |       |       |    11 ||    11
         Flail             |       |       |       |     4 ||     4
  Throw: Stone             |       |     8 |       |       ||     8
   Cast: Foxfire           |    23 |    70 |   114 |   213 ||   420
         Scorch            |     4 |    15 |    71 |   150 ||   240
         Magic Dart        |    32 |   117 |    39 |    23 ||   211
         Portal Projectile |       |       |     2 |     2 ||     4
         Flame Wave        |       |       |     1 |    14 ||    15
 Invoke: Minor Destruction |       |       |       |     2 ||     2
         Major Destruction |       |       |       |     4 ||     4
         Lesser Servant of |       |       |       |     2 ||     2
  Evoke: Wand              |       |       |       |     1 ||     1
    Use: Scroll            |       |    11 |    11 |     6 ||    28
         Potion            |       |       |     1 |     2 ||     3
 Armour: Robe              |     7 |     5 |    10 |    39 ||    61
  Dodge: Dodged            |    24 |    12 |    33 |   113 ||   182

Table legend: (Time is in decaauts)
 A = Elapsed time spent in this place.
 B = Non-inter-level travel time spent in this place.
 C = Inter-level travel time spent in this place.
 D = Time resting spent in this place.
 E = Time spent auto-exploring this place.
 F = Levels seen in this place.
 G = Mean time per level.
                   A        B        C        D        E       F      G
               +--------+--------+--------+--------+--------+-----+--------+
         Total |  15068 |  14482 |    586 |   4174 |   8573 |  13 | 1159.1 |
       Dungeon |  15028 |  14461 |    567 |   4174 |   8563 |  12 | 1252.3 |
        Temple |     39 |     21 |     18 |      0 |     10 |   1 |   39.0 |
               +--------+--------+--------+--------+--------+-----+--------+

Top non-repeatable levels by time:
    D:10: 2157 daAuts
     D:8: 1968 daAuts
     D:7: 1546 daAuts
     D:4: 1416 daAuts
    D:11: 1356 daAuts
     D:9: 1335 daAuts
     D:2: 1289 daAuts
     D:5: 1158 daAuts
     D:1: 1089 daAuts
     D:3: 845 daAuts
     D:6: 646 daAuts
    D:12: 219 daAuts
  Temple: 39 daAuts

Table legend:
 A = Kills in this place as a percentage of kills in the entire game.
 B = Kills by you in this place as a percentage of kills by you in the entire game.
 C = Kills by friends in this place as a percentage of kills by friends in the entire game.
 D = Other kills in this place as a percentage of other kills in the entire game.
 E = Experience gained in this place as a percentage of experience gained in the entire game.
 F = Experience gained in this place divided by the number of levels of this place that you have seen.
                   A       B       C       D       E      F
               +-------+-------+-------+-------+-------+----------------------
         Total | 100.0 | 100.0 | 100.0 |   N/A | 100.0 | 1497.5
       Dungeon | 100.0 | 100.0 | 100.0 |   N/A | 100.0 | 1622.3
               +-------+-------+-------+-------+-------+----------------------
